AoeStats
← miraDlaw

Black Forest

504831515Analyzed
4v4 RM · 24d ago on Sep 6, 2026· 44m 37s· 8 players
Game mode
Random Map
Map size
Large (8 player)
Population
200
Speed
Normal
Resources
Standard
Victory
Conquest
Starting age
Dark Age
Ending age
Imperial Age
RankedLock teamsTeams togetherTeam positionsShared explorationLock speedFull tech treeHidden civsTurbo modeCheats
Victory
Defeat
🇫🇷 Sicilians · France
640
+23
🇺🇸 Mongols · United States
484
+16
🇺🇸 Vietnamese · United States
479
+17
🇮🇩 Khmer · Indonesia
445
+18
🇷🇺 Byzantines · Russia
537
-17
🇦🇷 Persians · Argentina
494
-15
🇩🇪 Bohemians · Germany
494
-15
🇮🇹 Lithuanians · Italy
464
-14
Aurvandill83
0:32 Loom
16:12 Feudal Age
24:41 Castle Age
26:35 Fervor
26:20 Horse Collar
26:48 Double-Bit Axe
Navrik
12:51 Feudal Age
14:09 Wheelbarrow
13:21 Loom
13:24 Horse Collar
17:06 Double-Bit Axe
21:02 Castle Age
19:15 Gold Mining
19:36 Stone Mining
22:07 Hand Cart
22:16 Bow Saw
26:48 Heavy Plow
28:53 Gold Shaft Mining
33:44 Imperial Age
33:35 Stone Shaft Mining
32:44 Treadmill Crane
33:00 Murder Holes
33:26 Ballistics
36:50 Crop Rotation
39:41 Pikeman
40:22 Squires
Torquemada
0:31 Loom
14:46 Feudal Age
15:07 Town Watch
15:06 Horse Collar
15:15 Double-Bit Axe
22:43 Castle Age
20:47 Gold Mining
22:03 Fletching
23:21 Wheelbarrow
23:28 Bow Saw
24:43 Stone Mining
25:58 Ballistics
29:01 Fishing Lines
29:49 Caravan
32:17 Hand Cart
32:02 Gillnets
31:54 Pikeman
Nottambulo
0:27 Loom
15:30 Feudal Age
18:25 Wheelbarrow
17:32 Horse Collar
18:10 Double-Bit Axe
18:17 Gold Mining
21:03 Castle Age
19:10 Scale Barding Armor
19:16 Forging
19:45 Forging
21:07 Bloodlines
20:58 Stone Mining
22:07 Heavy Plow
23:21 Hand Cart
23:22 Town Watch
25:37 Husbandry
26:00 Town Patrol
27:39 Chain Barding Armor
27:55 Iron Casting
28:47 Stone Shaft Mining
32:43 Imperial Age
34:12 Plate Barding Armor
34:35 Conscription
33:41 Cavalier
miraDlaw
16:43 Feudal Age
19:23 Loom
32:43 Castle Age
35:38 Husbandry
35:49 Bloodlines
35:00 Light Cavalry
40:47 Wheelbarrow
Booger Flicker X
0:39 Loom
10:31 Feudal Age
11:25 Double-Bit Axe
22:35 Castle Age
20:49 Fishing Lines
21:18 Horse Collar
21:29 Stone Mining
23:30 Wheelbarrow
22:49 Gold Mining
23:25 Gillnets
23:49 Bow Saw
23:39 Heavy Plow
28:00 Gold Shaft Mining
28:09 Hand Cart
31:33 Imperial Age
29:30 Scale Barding Armor
30:22 Forging
30:32 Chain Barding Armor
30:27 Husbandry
31:14 Bloodlines
31:41 Iron Casting
33:22 Blast Furnace
32:46 Conscription
31:51 Elite Steppe Lancer
33:07 Fletching
36:32 Coinage
37:42 Bodkin Arrow
37:47 Padded Archer Armor
37:59 Masonry
37:45 Murder Holes
38:10 Ballistics
38:50 Chemistry
39:01 Stone Shaft Mining
38:13 Town Watch
40:21 Spies/Treason
huntrixLoL
17:57 Feudal Age
19:49 Loom
25:20 Wheelbarrow
25:26 Double-Bit Axe
32:32 Castle Age
31:11 Stone Mining
31:12 Gold Mining
36:36 Elite Skirmisher
38:55 Stone Shaft Mining
38:27 Padded Archer Armor
38:17 Fletching
38:48 Bow Saw
Salvos72
13:10 Feudal Age
19:45 Double-Bit Axe
24:41 Castle Age
30:59 Horse Collar
31:34 Bow Saw
34:54 Imperial Age
34:17 Stone Mining
34:18 Gold Mining
36:48 Forging
36:40 Padded Archer Armor
36:41 Scale Mail Armor
36:47 Scale Barding Armor
38:29 Parthian Tactics
40:18 Hoardings
42:54 Light Cavalry
43:45 Bloodlines
Connection lost

Rejoining the realm…

Still unreachable

The connection could not be restored.

Session expired

The server has moved on; the page needs a fresh start.